 Dungeon Crawl Stone Soup version 0.16-a0-3394-g83d1dde (console) character file.

124 MarvinPA the Insei (level 5, -1/36 HPs)
             Began as an Octopode Transmuter on Dec 30, 2014.
             Killed by nerve-wracking pain
             ... invoked by an orc priest
              (13 damage)
             ... on level 3 of the Dungeon.
             The game lasted 00:07:49 (2970 turns).

MarvinPA the Insei (Octopode Transmuter)            Turns: 2970, Time: 00:07:50

Health: -1/36      AC:  1    Str:  9    XL:     5   Next: 8%
Magic:  1/9        EV: 12    Int: 16    God:
Gold:   42         SH:  0    Dex: 13    Spells: 3 memorised, 2 levels left

rFire  . . .     SeeInvis .       - Unarmed
rCold  . . .     Clarity  .     (no shield)
rNeg   . . .     SustAb   .     (helmet restricted)
rPois  .         Gourm    .     (no amulet)
rElec  .         Spirit   .     u - ring of flight
rCorr  .         Warding  .     (no ring)
rMut   .         Stasis   .     (no ring)
MR     .....                    (no ring)
Stlth  ++........               (no ring)
                                (no ring)
                                (no ring)
                                (no ring)

@: very slightly contaminated, not resistant to hostile enchantments, unstealthy
A: almost no armour, amphibious, 8 rings, constrict 8, camouflage 1, gelatinous
body 1
a: Evoke Flight


You were on level 3 of the Dungeon.
You were not hungry.

You visited 1 branch of the dungeon, and saw 3 of its levels.

You collected 42 gold pieces.


Innate Abilities, Weirdness & Mutations

You cannot wear most types of armour.
You are amphibious.
You can wear up to eight rings at the same time.
You can use your tentacles to constrict many enemies at once.
Your skin changes colour to match your surroundings (Stealth).
Your rubbery body absorbs attacks (AC +1).


   Skills:
 - Level 3.0 Fighting
 - Level 2.0 Dodging
 + Level 4.2 Unarmed Combat
 - Level 2.0 Spellcasting
 + Level 2.7 Transmutations


You had 2 spell levels left.
You knew the following spells:

 Your Spells              Type           Power        Failure   Level  Hunger
x - Spider Form           Trmt/Pois      #.........   38%         3    ###....
z - Beastly Appendage     Trmt           ##....       10%         1    #......
Z - Sticks to Snakes      Trmt           ##........   12%         2    ###....

Inventory:

Missiles
 b - 27 arrows
 l - 5 poisoned needles
Jewellery
 u - a ring of flight (left tentacle)
Magical devices
 r - a wand of slowing (6)
Scrolls
 c - a scroll of blinking {unknown}
 f - a scroll of fog {unknown}
 m - a scroll of enchant armour {unknown}
 t - a scroll of identify {unknown}
 v - a scroll of immolation {unknown}
Potions
 e - 2 potions of agility {unknown}
 g - a potion of flight {unknown}
 h - a potion of resistance {unknown}
 j - a potion of magic {unknown}
 n - 2 potions of brilliance {unknown}
 o - a potion of heal wounds {unknown}
 q - a potion of degeneration {unknown}
Books
 d - a book of Changes
Comestibles
 a - 2 bread rations
 k - a beef jerky
 p - a meat ration
 s - 7 chunks of flesh {@w1}

Dungeon Overview and Level Annotations

Branches:
Dungeon (3/15)

Altars:

...# #########
##.# #.........
...# ####.####
##.#######.......#
.........#.#####.#
##.#####.#.# #.##
#.........# #..#
#.####.##.# #(.#
#.# #.##.#####x.#
#.# #.##.....oS.#
#.# #.#####.###o#
##.# #.# #.# #.#
.... #.# #.# #.#
.... #.# #.# #.# #
# #.# #r# #.# ...
#.# #.# ..# #.#


You could see an orc priest, an orc and a friendly adder.


Message History

Your ball python convulses in agony!
Your ball python dies!
The orc priest hits you with a dagger.
Your adder bites the orc priest.
You miscast Spider Form.
You are very lightly contaminated with residual magic.
You are poisoned.
You feel sick. x2
The orc priest calls down the wrath of Beogh upon you.
Something smites you!
* * * LOW HITPOINT WARNING * * *
Drink which item? (? for menu, Esc to quit)
You feel better. The orc priest misses you.
You tentacle-slap the orc priest but do no damage.
You grab the orc priest.
The orc priest is lightly wounded.
You constrict the orc priest. The orc priest misses you.
You tentacle-slap the orc priest but do no damage.
The orc priest is moderately wounded.
You constrict the orc priest. The orc priest hits you with a dagger.
* * * LOW HITPOINT WARNING * * *
You tentacle-slap the orc priest but do no damage.
The orc priest is moderately wounded.
You constrict the orc priest.
The orc priest hits you but does no damage.
You tentacle-slap the orc priest but do no damage.
The orc priest is moderately wounded.
Your adder bites the orc priest.
The orc priest calls down the wrath of Beogh upon you.
Pain shoots through your body!
You die...

Action                   |  1- 3 |  4- 6 || total
-------------------------+-------+-------++-------
Melee: Unarmed           |    73 |    61 ||   134
 Cast: Beastly Appendage |    13 |       ||    13
       Sticks to Snakes  |     8 |     3 ||    11
       Spider Form       |       |     5 ||     5
  Use: Potion            |       |     1 ||     1
 Stab: Sleeping          |     5 |       ||     5
  Eat: Chunk             |     3 |     4 ||     7
       Beef jerky        |       |     1 ||     1

Vault maps used:
D:1:      kilobyte_arrival_exit_the_forest
D:2:      first_bread
D:3:      uniq_iyjb, uniq_terence

Notes
Turn   | Place    | Note
--------------------------------------------------------------
     0 | D:1      | MarvinPA, the Octopode Transmuter, began the quest for the Orb.
     0 | D:1      | Reached XP level 1. HP: 13/13 MP: 3/3
   198 | D:1      | Reached XP level 2. HP: 16/18 MP: 2/4
   204 | D:1      | Learned a level 2 spell: Sticks to Snakes
   817 | D:2      | Reached skill level 2 in Fighting
   852 | D:2      | Reached XP level 3. HP: 20/24 MP: 4/6
  1574 | D:2      | Learned a level 3 spell: Spider Form
  1670 | D:2      | Reached XP level 4. HP: 21/30 MP: 5/7
  2103 | D:2      | Reached skill level 3 in Fighting
  2103 | D:2      | Reached skill level 4 in Unarmed Combat
  2309 | D:3      | Noticed Ijyb
  2343 | D:3      | Noticed Terence
  2358 | D:3      | Killed Terence
  2361 | D:3      | Killed Ijyb
  2870 | D:3      | Reached XP level 5. HP: 36/36 MP: 6/9
  2970 | D:3      | Killed from afar by an orc priest

Vanquished Creatures
  Ijyb (D:3)
  Terence (D:3)
  2 adders (D:2)
  2 worms
  A giant gecko (D:1)
  2 orcs
  2 giant cockroaches
  A hobgoblin (D:2)
  3 jackals (D:3)
  3 kobolds
  2 ball pythons
  10 bats
  6 giant newts
  9 goblins
  10 rats
55 creatures vanquished.

Vanquished Creatures (collateral kills)
  An adder (D:2)
  2 worms (D:2)
  A goblin (D:2)
4 creatures vanquished.

Grand Total: 59 creatures vanquished
